 Dungeon Crawl Stone Soup version 0.25-a0-489-g9ae84a01e3 (webtiles) character file.

Game seed: 391495305040129175, levelgen mode: deterministic

10 Notrik the Skirmisher (level 2, 0/27 HPs)
             Began as a Hill Orc Fighter on Feb 11, 2020.
             Slain by a gnoll (5 damage)
             ... on level 1 of the Dungeon.
             The game lasted 00:00:20 (174 turns).

Notrik the Skirmisher (Hill Orc Fighter)             Turns: 174, Time: 00:00:20

Health: 0/27       AC:  6    Str: 18    XL:     2   Next: 20%
Magic:  2/2        EV:  7    Int:  8    God:
Gold:   5          SH:  9    Dex: 10    Spells: 1/1 levels left

rFire    . . .     SeeInvis .   a - +0 war axe
rCold    . . .     Gourm    .   c - +0 kite shield
rNeg     . . .     Faith    .   b - +0 scale mail
rPois    .         Spirit   .   (no helmet)
rElec    .         Reflect  .   (no cloak)
rCorr    .         Harm     .   (no gloves)
MR       .....                  (no boots)
Stlth    ..........             (no amulet)
HPRegen  0.09/turn              (no ring)
MPRegen  0.08/turn              (no ring)

@: no status effects
A: no striking features
a: no special abilities


You were on level 1 of the Dungeon.
You were not hungry.

You visited 1 branch of the dungeon, and saw 1 of its levels.

You collected 5 gold pieces.

Inventory:

Hand Weapons
 a - a +0 war axe (weapon)
Armour
 b - a +0 scale mail (worn)
 c - a +0 kite shield (worn)
Scrolls
 g - a scroll of magic mapping {unknown}
 h - a scroll of enchant weapon {unknown}
Potions
 d - a potion of might
Comestibles
 e - 2 rations {!d}
 f - 4 chunks of flesh


   Skills:
 + Level 3.8 Fighting
 + Level 3.0 Axes
 + Level 3.4 Armour
 + Level 3.4 Shields


You had one spell level left.
You didn't know any spells.
Your spell library was empty.

Dungeon Overview and Level Annotations

Branches:
Dungeon (1/15)

Altars:


Message History

No target in view!
No target in view!
No target in view!
No target in view!
No target in view!
No target in view!
You butcher the jackal corpse.
f - 2 chunks of flesh (gained 1)
You butcher the jackal corpse.
f - 4 chunks of flesh (gained 2)
Things that are here:
a jackal skeleton x2
Things that are here:
a jackal skeleton x2
Found a stone staircase leading down.
Found 8 gold pieces.
Found 2 scrolls labeled JIWNUS FIBIUSH.
A dart slug comes into view.
A dart slug is nearby!
A dart slug is nearby!
A dart slug is nearby!
A gnoll comes into view.
The gnoll shouts!
A goblin comes into view.
The goblin shouts!
You see here 8 gold pieces.
Your shield and scale mail prevent you from hitting the dart slug.
You block the dart slug's attack.
You hit the dart slug. You block the dart slug's attack.
You slash the dart slug!
You kill the dart slug!
Your Axes skill increases to level 3!
You have reached level 2!
You slash the gnoll! The gnoll hits you.
Your shield and scale mail prevent you from hitting the gnoll.
You block the gnoll's attack. The gnoll hits you but does no damage.
You hit the gnoll. You closely miss the goblin.
The goblin hits you but does no damage. The gnoll hits you.
You block the goblin's attack.
You closely miss the gnoll. You hit the goblin. You block the gnoll's attack.
The goblin closely misses you. The gnoll hits you.
You closely miss the gnoll. You closely miss the goblin.
You block the goblin's attack. The gnoll hits you. The goblin hits you.
* * * LOW HITPOINT WARNING * * *
You hit the goblin.
You kill the goblin!
You closely miss the gnoll. The gnoll hits you!
* * * LOW HITPOINT WARNING * * *
The gnoll hits you.
You die...

.. ...............รท.
.....##....#...######.
###..#.......#.### #..
..#.#.##....#.# (...
.............###....[. .
#....................
#..#....................
......g.................
......?@.............
.............>#####..
#.............# .#
..##............. .
#......###..## ###.....
..# ...##.. ..# ...##
... . #


You could see a gnoll.

Vanquished Creatures
  A dart slug (D:1)
  A goblin (D:1)
  4 jackals (D:1)
  A rat (D:1)
7 creatures vanquished.

Notes
Turn   | Place    | Note
-------+----------+-------------------------------------------
     0 | D:1      | Notrik the Hill Orc Fighter began the quest for the Orb.
     0 | D:1      | Reached XP level 1. HP: 19/19 MP: 1/1
   169 | D:1      | Reached XP level 2. HP: 23/27 MP: 2/2
   174 | D:1      | Slain by a gnoll

Levels and vault maps discovered:
D:1:      scummos_arrival_hexagon, layout_rooms

Skill      XL: |  1 |
---------------+----+-----
Axes           | 3 |  3.0
Fighting       | |  3.8
Armour         | |  3.4
Shields        | |  3.4

Action                   || total
-------------------------++-------
Melee: War axe           ||    26
Armor: Scale mail        ||    14
Dodge: Dodged            ||     6
Block: Kite shield       ||    23

Table legend:
 A = Non-vault XP
 B = Vault XP
 C = Vault XP percentage of total XP
 D = Non-vault monster count
 E = Vault monster count
 F = Vault count percentage of total count
                 A         B        C        D         E       F
            +---------+---------+-------+---------+---------+-------
      Total |      15 |       0 |   0.0 |       7 |       0 |   0.0
            +---------+---------+-------+---------+---------+-------
        D:1 |      15 |       0 |   0.0 |       7 |       0 |   0.0
            +---------+---------+-------+---------+---------+-------
